 Dungeon Crawl Stone Soup version 0.20.1-1-g8b1a95d (webtiles) character file.

4 Monsterracer the Insei (level 1, 0/13 HPs)
             Began as an Octopode Transmuter on Oct 27, 2017.
             Slain by a hobgoblin (4 damage)
             ... on level 1 of the Dungeon.
             The game lasted 00:00:38 (244 turns).

Monsterracer the Insei (Octopode Transmuter)         Turns: 244, Time: 00:00:39

Health: 0/13       AC:  1    Str:  9    XL:     1   Next: 60%
Magic:  2/3        EV: 13    Int: 15    God:
Gold:   0          SH:  0    Dex: 12    Spells: 3/4 levels left

rFire    . . .     SeeInvis .     - Unarmed
rCold    . . .     Gourm    .   (no shield)
rNeg     . . .     Faith    .   (helmet restricted)
rPois    .         Spirit   .   (no amulet)
rElec    .         Reflect  .   (no ring)
rCorr    .         Harm     .   (no ring)
MR       .....                  (no ring)
Stlth    ++........             (no ring)
Regen    0.1/turn               (no ring)
MPRegen  0.1/turn               (no ring)
                                (no ring)
                                (no ring)

@: appendage (expiring)
A: almost no armour, stealthy swim, amphibious, 8 rings, constrict 8, tentacle
spike 3, camouflage 1, gelatinous body 1
a: End Transformation


You were on level 1 of the Dungeon.
You were not hungry.
One of your tentacles had a temporary spike.
You visited 1 branch of the dungeon, and saw 1 of its levels.

Inventory:

Missiles
 a - 12 arrows
Scrolls
 d - a scroll of fear {unknown}
 e - a scroll of blinking {unknown}
 f - a scroll of identify {unknown}
 g - a scroll of random uselessness {unknown}
Books
 b - a book of Changes

   Spells                             Type                      Level
   a - Beastly Appendage              Transmutation                1
   b - Sticks to Snakes               Transmutation                2
   c - Spider Form                    Transmutation/Poison         3
   d - Ice Form                       Ice/Transmutation            4
   e - Blade Hands                    Transmutation                5
Comestibles
 c - a bread ration


   Skills:
 - Level 1.0 Fighting
 - Level 2.0 Dodging
 + Level 3.1 Unarmed Combat
 - Level 2.0 Spellcasting
 + Level 2.2 Transmutations


You had 3 spell levels left.
You knew the following spells:

 Your Spells              Type           Power        Failure   Level  Hunger
a - Beastly Appendage     Tmut           #.....       9%          1    #......


Dungeon Overview and Level Annotations

Branches:
Dungeon (1/15)

Altars:


Innate Abilities, Weirdness & Mutations

You cannot wear most types of armour.
You are very stealthy in the water. (Stealth+)
You are amphibious.
You can wear up to eight rings at the same time.
You can use your tentacles to constrict eight enemies at once.
Your skin changes colour to match your surroundings (Stealth+).
Your rubbery body absorbs attacks. (AC +1, EV +1)
One of your tentacles bears a large vicious spike.


Message History

Welcome, Monsterracer the Octopode Transmuter.
Will you prevail where others failed? Will you find the Orb of Zot?
Press ? for a list of commands and other information.
Found three items.
Found a staircase leading out of the dungeon.
d - a scroll labeled PIQOQ LOPP
e - a scroll labeled EMAEW ASYHEUCK
Found a scale mail.
Found 20 stones.
f - a scroll labeled RABESOBESM
Found 15 sling bullets.
You aren't carrying any pieces of jewellery.
A kobold comes into view.
A bat comes into view.
The kobold shouts!
The kobold misses you.
You barely miss the kobold. Your grab misses the kobold.
The kobold closely misses you.
You tentacle-slap the kobold but do no damage.
You grab the kobold.
You constrict the kobold, but do no damage.
You tentacle-slap the kobold. You squeeze the kobold.
You kill the kobold!
No target in view!
You see here 15 sling bullets.
A bat is nearby!
The bat hits you.
A rat comes into view.
The bat closely misses you. The bat hits you but does no damage.
Found a scroll labeled GOKISI JO LIHO.
You tentacle-slap the bat but do no damage.
You grab the bat. Your squeeze misses the bat. You constrict the bat.
The bat closely misses you.
The bat escapes!
The bat hits you. The bat barely misses you.
The bat hits you but does no damage. The bat hits you.
You tentacle-slap the bat.
You kill the bat!
The rat bites you.
You are too injured to fight recklessly!
You are too injured to fight recklessly!
A rat is nearby!
You are too injured to fight recklessly!
You are too injured to fight recklessly!
There are no items here.
You tentacle-slap the rat.
You kill the rat!
HP restored.
A leopard gecko comes into view.
You see here a scroll labeled GOKISI JO LIHO.
A leopard gecko is nearby!
g - a scroll labeled GOKISI JO LIHO The leopard gecko bites you. x2
* * * LOW HITPOINT WARNING * * *
Press: ? - help, v - describe, . - travel
Here: a leopard gecko The floor.
You tentacle-slap the leopard gecko but do no damage.
Your grab misses the leopard gecko. Your squeeze misses the leopard gecko.
The leopard gecko closely misses you.
You barely miss the leopard gecko. Your grab misses the leopard gecko.
The leopard gecko bites you.
* * * LOW HITPOINT WARNING * * *
Unknown command.
You tentacle-slap the leopard gecko. You grab the leopard gecko.
The leopard gecko is almost dead.
You constrict the leopard gecko, but do no damage.
The leopard gecko misses you.
You tentacle-slap the leopard gecko.
You kill the leopard gecko!
Saving game... please wait.
Welcome back, Monsterracer the Octopode Transmuter.
Press ? for a list of commands and other information.
You start resting.
A hobgoblin comes into view.
A hobgoblin is nearby!
Casting: Beastly Appendage
Confirm with . or Enter, or press ? or * to list all spells.
One of your tentacles grows a vicious spike.
The hobgoblin shouts!
You closely miss the hobgoblin. Your grab misses the hobgoblin.
Your tentacle spike misses the hobgoblin.
Your transformation is almost over.
The hobgoblin hits you.
You die...

...# ...# ...###
....#### #......##
##.......## #..g†.....#
####..@......#
..............#
..............#
..............#..
..............#.........
.................. ..(..
.................###≈≈≈≈
..............#..#≈≈≈≈≈≈
####....†....#..#≈≈≈≈≈.


You could see a hobgoblin.

Vanquished Creatures
  A leopard gecko (D:1)
  A bat (D:1)
  A kobold (D:1)
  A rat (D:1)
4 creatures vanquished.

Notes
Turn   | Place    | Note
-------+----------+-------------------------------------------
     0 | D:1      | Monsterracer the Octopode Transmuter began the quest for the Orb.
     0 | D:1      | Reached XP level 1. HP: 13/13 MP: 3/3
   159 | D:1      | HP: 5/13 [leopard gecko (4)]
   161 | D:1      | HP: 1/13 [leopard gecko (4)]
   244 | D:1      | Slain by a hobgoblin

Action                   || total
-------------------------++-------
Melee: Unarmed           ||    11
       Constrict         ||     3
       Tentacles         ||     1
 Cast: Beastly Appendage ||     1
Armor: Skin              ||     2
Dodge: Dodged            ||     7

Vault maps used:
D:1:      dpeg_arrival_pond
